 Dungeon Crawl Stone Soup version 0.30.1-4-g462c640d31 (webtiles) character file.

Game seed: 8256218475571794154

758 booth the Chopper (level 7, -12/54 HPs)
             Began as a Demonspawn Gladiator on Sept 11, 2023.
             Mangled by an ogre
             ... wielding a +0 giant club
              (16 damage)
             ... on level 4 of the Dungeon.
             The game lasted 00:20:52 (3685 turns).

booth the Chopper (Demonspawn Gladiator)            Turns: 3685, Time: 00:20:53

Health: -12/54     AC:  6    Str: 14    XL:     7   Next: 50%
Magic:  7/7        EV: 13    Int: 11    God:
Gold:   134        SH:  0    Dex: 23    Spells: 6/6 levels left

rFire   . . .        a - +0 war axe
rCold   . . .        (no shield)
rNeg    . . .        k - +0 ring mail
rPois   .            (helmet restricted)
rElec   .            (no cloak)
rCorr   .            r - +0 pair of gloves
SInv    .            (no boots)
Will    .....        (no amulet)
Stlth   ++           j - +6 ring of dexterity
HPRegen 0.29/turn    (no ring)
MPRegen 0.10/turn

%: no passive effects
@: no status effects
A: horns 1, thin skeletal structure 1, demonic guardian 1
a: no special abilities


You were on level 4 of the Dungeon.
You visited 1 branch of the dungeon, and saw 4 of its levels.

You collected 134 gold pieces.

Inventory:

Hand Weapons
 a - a +0 war axe (weapon)
 g - a +1 mace of protection
Missiles
 p - 5 poisoned darts (quivered)
Armour
 k - a +0 ring mail (worn)
 l - a +0 scale mail
 r - a +0 pair of gloves (worn)
 s - a +0 chain mail
Jewellery
 j - a +6 ring of dexterity (left hand)
 w - a ring of poison resistance
Scrolls
 b - a scroll of enchant armour {unknown}
 c - 2 scrolls of butterflies
 i - 2 scrolls of teleportation
 m - a scroll of poison {unknown}
 o - a scroll of magic mapping {unknown}
 q - a scroll of noise {unknown}
 u - a scroll of torment {unknown}
Potions
 f - a potion of lignification
 n - a potion of ambrosia {unknown}
 t - a potion of brilliance {unknown}


   Skills:
 + Level 4.1 Fighting
 * Level 5.5 Axes
 + Level 3.7 Throwing
 + Level 4.3 Dodging


You had 6 spell levels left.
You didn't know any spells.
Your spell library was empty.

Dungeon Overview and Level Annotations

Branches:
Dungeon (4/15)
 Temple: D:4-7

Altars:

Shops:
D:2 =

Annotations:
D:4 Grinder, Ijyb


Innate Abilities, Weirdness & Mutations

You have a pair of small horns on your head.
You have a somewhat thin skeletal structure. (Dex +2, Stealth+)
A weak demonic guardian rushes to your aid.


Message History

The phantom misses you.
You barely miss the phantom. You headbutt the phantom.
Your punch misses the phantom.
The phantom is moderately damaged.
The phantom hits you.
You slash the phantom!
The phantom is severely damaged.
The phantom hits you.
The phantom blinks!
You blink.
The phantom hits you but does no damage.
You slash the phantom!
The phantom is almost destroyed.
The phantom barely misses you.
You miss the phantom. You headbutt the phantom.
You destroy the phantom!
You slash the worm!
The worm is heavily wounded.
You barely miss the worm. Your headbutt misses the worm.
The worm is heavily wounded.
The worm misses you.
You barely miss the worm. You headbutt the worm.
The worm is heavily wounded.
The worm barely misses you.
You slash the worm!
You kill the worm!
You see here a worm corpse.
Found a scroll of teleportation.
i - 2 scrolls of teleportation (gained 1)
An ogre comes into view. It is wielding a +0 giant club.
You hit the ogre but do no damage.
The ogre hits you with a +0 giant club!!
You slash the ogre!
The ogre is heavily wounded.
The ogre hits you with a +0 giant club!!
Ouch! That really hurt!
* * * LOW HITPOINT WARNING * * *
A demonic guardian appears!
You hit the ogre.
The ogre is heavily wounded.
The ogre hits you with a +0 giant club!
You die...

#...............# #..
#...............# ## #.
####.#..........# ..# #
#....#.........# ##.######
##.###..........##### #........
..................... ..>......
.....##..........########........
.....##........5.#...............
.....##........O@................
.....#####.(...###....###..>.....
.....# #.......##...## #........
.....# #.......##...# #........
.....# #.......##†..# #..[.....
###### ##.....###...# #########
##...## ##### #####


You could see an ogre (ally target) and a friendly white imp (summoned).

Vanquished Creatures
  Pikel (D:3)
  A phantom (D:4)
  3 gnolls (D:3)
  4 adders
  An ufetubus (D:4)
  5 worms
  11 dart slugs
  3 orcs
  4 ball pythons
  7 endoplasms
  4 giant cockroaches
  4 goblins
  4 hobgoblins
  2 kobolds
  2 quokkas (D:3)
  5 bats
  7 frilled lizards
  3 rats
71 creatures vanquished.

Vanquished Creatures (collateral kills)
  An orc priest (D:3)
  A dart slug (D:3)
  2 orcs (D:3)
  A goblin (D:3)
5 creatures vanquished.

Grand Total: 76 creatures vanquished

Notes
Turn   | Place    | Note
-------+----------+-------------------------------------------
     0 | D:1      | booth the Demonspawn Gladiator began the quest for the Orb.
     0 | D:1      | Reached XP level 1. HP: 16/16 MP: 1/1
  1003 | D:2      | Gained mutation: You have a pair of small horns on your
                  | head. [demonic ancestry]
  1003 | D:2      | Reached XP level 2. HP: 13/22 MP: 2/2
  1053 | D:2      | Reached skill level 3 in Axes
  1085 | D:2      | Found Gaubuij's Jewellery Shoppe.
  1232 | D:2      | Reached XP level 3. HP: 19/28 MP: 3/3
  1904 | D:3      | Gained mutation: A weak demonic guardian rushes to your
                  | aid. [demonic ancestry]
  1904 | D:3      | Reached XP level 4. HP: 17/34 MP: 4/4
  2530 | D:3      | Reached XP level 5. HP: 40/40 MP: 5/5
  2578 | D:3      | Reached skill level 4 in Axes
  3116 | D:4      | Noticed Pikel
  3116 | D:4      | Noticed a lemure
  3116 | D:4      | Noticed a lemure
  3116 | D:4      | Noticed a lemure
  3116 | D:4      | Noticed a lemure
  3181 | D:3      | HP: 2/41 [Pikel/+1 whip of flaming (7)]
  3202 | D:3      | Killed Pikel
  3203 | D:3      | Reached skill level 5 in Axes
  3203 | D:3      | Reached XP level 6. HP: 8/48 MP: 6/6
  3203 | D:3      | Gained mutation: You have a somewhat thin skeletal
                  | structure. (Dex +2, Stealth+) [demonic ancestry]
  3203 | D:3      | Reached XP level 7. HP: 9/54 MP: 7/7
  3546 | D:4      | Noticed Grinder
  3548 | D:4      | Noticed Ijyb
  3685 | D:4      | Mangled by an ogre

Illustrated notes

Levels and vault maps discovered:
D:1:      dpeg_arrival_tiny_i, layout_basic
D:2:      layout_basic, serial_shops, shop, nicolae_wormholes
D:3:      kennysheep_slugbush, layout_basic
D:4:      layout_rooms, uniq_pikel, uniq_grinder, uniq_ijyb

Skill      XL: |  1  2  3  4  5 |
---------------+----------------+-----
Throwing       | 2 3 |  3.7
Axes           | 3 5 |  5.5
Dodging        | 3 4 |  4.3
Fighting       | 4 |  4.1

Action                     |  1- 3 |  4- 6 |  7- 9 || total
---------------------------+-------+-------+-------++-------
  Melee: War axe           |    84 |    89 |    32 ||   205
         Punch             |     1 |       |       ||     1
         Headbutt          |     8 |    23 |     7 ||    38
  Throw: Stone             |     7 |       |       ||     7
         Throwing net      |       |     3 |       ||     3
         Javelin           |       |     1 |       ||     1
    Use: Scroll            |     6 |     4 |     1 ||    11
         Potion            |     1 |     5 |       ||     6
   Stab: Sleeping          |       |       |     2 ||     2
 Armour: Leather armour    |     5 |       |       ||     5
         Ring mail         |    26 |    27 |     7 ||    60
  Dodge: Dodged            |    57 |    47 |    12 ||   116
